 Dungeon Crawl Stone Soup version 0.28-a0-804-g60983d4ba9 (webtiles) character file.

Game seed: 5014997902771669649

812 Megalobster the Cleaver (level 7, -5/57 HPs)
             Began as a Minotaur Berserker on Nov 7, 2021.
             Was an Elder of Trog.
             Slain by Eustachio (6 damage)
             ... on level 5 of the Dungeon.
             The game lasted 00:08:02 (4886 turns).

Megalobster the Cleaver (Minotaur Berserker)        Turns: 4886, Time: 00:08:03

Health: -5/57      AC:  7    Str: 24    XL:     7   Next: 61%
Magic:  6/6        EV: 11    Int:  4    God:    Trog [****..]
Gold:   166        SH:  0    Dex:  9    Spells: 6/6 levels left

rFire   . . .      SeeInvis .   a - +0 hand axe
rCold   . . .      Faith    .   (no shield)
rNeg    + . .      Spirit   .   g - +0 ring mail
rPois   .          Reflect  .   (helmet restricted)
rElec   .          Harm     .   k - +1 cloak
rCorr   .          Rampage  .   (no gloves)
Will    .....                   (no boots)
Stlth   ..........              (no amulet)
HPRegen 0.19/turn               p - ring of positive energy
MPRegen 0.10/turn               (no ring)

@: on berserk cooldown, slowed, very slow
A: horns 2, retaliatory headbutt
a: Renounce Religion, Berserk, Trog's Hand, Brothers in Arms


You were on level 5 of the Dungeon.
You worshipped Trog.
Trog was greatly pleased with you.
You visited 1 branch of the dungeon, and saw 5 of its levels.
You also visited: Sewer.

You collected 166 gold pieces.

Inventory:

Hand Weapons
 a - a +0 hand axe (weapon)
 j - a +2 quarterstaff of chaos
 q - a +3 whip
Missiles
 l - 123 stones (quivered)
Armour
 b - a +0 animal skin
 g - a +0 ring mail (worn)
 k - a +1 cloak (worn)
 s - a +0 chain mail
Jewellery
 p - a ring of positive energy (left hand)
 y - an amulet of magic regeneration
Wands
 B - a wand of mindburst (10)
Scrolls
 e - 3 scrolls of enchant armour
 f - 3 scrolls of holy word
 i - a scroll of teleportation {unknown}
 n - a scroll of acquirement {unknown}
 o - a scroll of vulnerability {unknown}
 r - a scroll of enchant weapon {unknown}
 t - a scroll of torment {unknown}
 u - a scroll of fear {unknown}
 x - a scroll of magic mapping {unknown}
 C - a scroll of amnesia {unknown}
Potions
 c - 2 potions of attraction
 d - 5 potions of magic
 h - 2 potions of heal wounds
 m - a potion of haste
 v - 2 potions of flight
 w - a potion of curing {@q1}
 z - a potion of cancellation {unknown}
 A - a potion of might {unknown}


   Skills:
 - Level 3.6 Fighting
 + Level 10.9 Axes
 - Level 2.4 Armour
 - Level 2.1 Dodging


You had 6 spell levels left.
You didn't know any spells.
Your spell library was empty.

Dungeon Overview and Level Annotations

Branches:
Dungeon (5/15)              Sewer (visited)
 Temple: D:4-7

Altars:
Ashenzari
Cheibriados
Dithmenos
Okawaru
Uskayaw
Vehumet
Zin

Annotations:
D:5 Eustachio


Innate Abilities, Weirdness & Mutations

You have a pair of horns on your head.
You reflexively headbutt those who attack you in melee.


Message History

You are no longer berserk.
You are exhausted.
You feel yourself slow down.
The shadow imp hits you but does no damage.
You now have 16/57 hp.
You slash Eustachio!
Eustachio is lightly wounded.
You hit the shadow imp. You closely miss the shadow imp.
Eustachio hits you with a +0 rapier.
* * * LOW HITPOINT WARNING * * *
The shadow imp closely misses you.
The shadow imp shouts, "Leave, thou cockered toad-spotted coxcomb!"
The shadow imp closely misses you. You furiously retaliate!
You headbutt the shadow imp. Eustachio hits you with a +0 rapier!
* * * LOW HITPOINT WARNING * * *
The shadow imp hits you but does no damage.
You take 9 damage, and have 7/57 hp.
You completely miss Eustachio. Your headbutt misses Eustachio.
Eustachio is lightly wounded.
You slash the shadow imp! You barely miss the shadow imp.
The quasit closely misses you. The quasit barely misses you. x2
The shadow imp gestures at you. Pain shoots through your body!
* * * LOW HITPOINT WARNING * * *
Eustachio hits you but does no damage.
The shadow imp hits you but does no damage.
You take 5 damage, and have 2/57 hp.
Okay, then.
You barely miss Eustachio. Your headbutt misses Eustachio.
Eustachio is lightly wounded.
You closely miss the quasit. You closely miss the shadow imp.
You hit the shadow imp.
You kill the shadow imp!
The shadow imp disappears in a puff of smoke!
The quasit barely misses you.
The quasit claws you but does no damage.
The quasit barely misses you. The shadow imp hits you.
* * * LOW HITPOINT WARNING * * *
Eustachio hits you with a +0 rapier.
You die...

# #
#####.#.#
#...#...
#.....
#55@#
#§@.#
#)..#
#)### #)#
#.#
#.########
#..).#.†.#
####.#.#.#
#..^#.#


You could see Eustachio, a quasit (summoned) and a shadow imp (summoned).

Vanquished Creatures
  An orc warrior (D:5)
  A black bear (D:4)
  A phantom (D:4)
  A kobold brigand (Sewer)
  A howler monkey (D:4)
  A jelly (D:4)
  A hound (D:4)
  Crazy Yiuf (D:2)
  Natasha (thrice) (D:3)
  An orc wizard (D:5)
  A howler monkey zombie (D:3)
  Robin (D:2)
  4 gnolls (D:2)
  7 adders
  A river rat (Sewer)
  An ufetubus (D:4)
  A worm (D:2)
  3 dart slugs (D:1)
  2 orcs (D:5)
  8 bats
  4 endoplasms
  6 giant cockroaches
  15 goblins
  18 hobgoblins
  2 jackals (Sewer)
  14 kobolds
  3 quokkas
  2 ball pythons
  4 frilled lizards
  11 rats
120 creatures vanquished.

Vanquished Creatures (others)
  A plant (D:4)
1 creature vanquished.

Grand Total: 121 creatures vanquished

Notes
Turn   | Place    | Note
-------+----------+-------------------------------------------
     0 | D:1      | Megalobster the Minotaur Berserker began the quest for the
                  | Orb.
     0 | D:1      | Reached XP level 1. HP: 19/19 MP: 0/0
    33 | D:1      | Reached skill level 4 in Axes
   256 | D:1      | Found a faded altar of an unknown god.
   273 | D:1      | Reached XP level 2. HP: 26/26 MP: 1/1
   572 | D:1      | Reached skill level 5 in Axes
   595 | D:1      | Reached XP level 3. HP: 26/31 MP: 2/2
  1020 | D:2      | Found a runed translucent door.
  1021 | D:2      | Noticed Crazy Yiuf
  1026 | D:2      | Killed Crazy Yiuf
  1027 | D:2      | Reached skill level 6 in Axes
  1027 | D:2      | Reached XP level 4. HP: 39/39 MP: 3/3
  1204 | D:2      | Reached ** piety under Trog
  1565 | D:2      | Noticed Robin
  1573 | D:2      | Killed Robin
  1637 | D:2      | Reached skill level 7 in Axes
  1637 | D:2      | Reached XP level 5. HP: 19/45 MP: 4/4
  1942 | D:2      | Found a shadowy altar of Dithmenos.
  2126 | D:3      | Found a broken altar of Ashenzari.
  2530 | D:3      | Noticed Natasha
  2536 | D:3      | Killed Natasha
  2573 | D:3      | Reached *** piety under Trog
  2576 | D:3      | Reached skill level 8 in Axes
  2648 | D:3      | Found an iron altar of Okawaru.
  2834 | D:3      | Noticed Natasha
  2842 | D:3      | Killed Natasha
  2843 | D:3      | Reached XP level 6. HP: 45/51 MP: 5/5
  2871 | D:3      | Noticed Natasha
  2878 | D:3      | Killed Natasha
  3029 | D:4      | Found a glowing drain.
  3033 | Sewer    | Entered a sewer
  3504 | Sewer    | Reached skill level 9 in Axes
  3663 | Sewer    | Found a white marble altar of Elyvilon.
  3967 | D:4      | Found a hide-covered altar of Uskayaw.
  3968 | D:4      | Found a snail-covered altar of Cheibriados.
  3968 | D:4      | Found a glowing silver altar of Zin.
  3969 | D:4      | Found a shadowy altar of Dithmenos.
  3969 | D:4      | Found a radiant altar of Vehumet.
  4036 | D:4      | Reached XP level 7. HP: 57/57 MP: 6/6
  4400 | D:4      | Reached skill level 10 in Axes
  4839 | D:5      | Entered Level 5 of the Dungeon
  4875 | D:5      | Reached **** piety under Trog
  4878 | D:5      | Noticed Eustachio
  4885 | D:5      | HP: 2/57 [shadow imp/nerve-wracking pain[Eustachio] (5)]
  4886 | D:5      | Slain by Eustachio

Illustrated notes

Levels and vault maps discovered:
D:1:      amcnicky_arrival_gap_in_the_tavern_cellar, layout_basic,
          basic_ecumenical_altar, hangedman_decor_push
D:2:      layout_loops_corners, basic_altar, uniq_crazy_yiuf_cottage, uniq_robin
D:3:      kennysheep_six_static_rooms, layout_basic, lemuel_round_altar,
          okawaru_ov_weapons_minmay, nrook_mini_vaults, uniq_natasha
D:4:      layout_loops_corners, grunt_temple_overflow_open,
          gup_sewer_entry_bowl, serial_bayou, serial_bayou_pond_b,
          serial_bayou_pond_d, serial_bayou_crossing, serial_bayou_pond_c
D:5:      layout_basic, mainiacjoe_overflow_alcove_2, uniq_eustachio

Skill      XL: |  1  2  3  4  5  6  7 |
---------------+----------------------+-----
Axes           | 4 5 6 7 8 9 10 | 10.9
Fighting       | |  3.6
Armour         | |  2.4
Dodging        | |  2.1

Action                   |  1- 3 |  4- 6 |  7- 9 || total
-------------------------+-------+-------+-------++-------
Melee: Hand axe          |    39 |   164 |    44 ||   247
       Headbutt          |    13 |    22 |     5 ||    40
Invok: Berserk           |     1 |     5 |     1 ||     7
  Use: Scroll            |       |     3 |       ||     3
       Potion            |       |     1 |       ||     1
Armor: Animal skin       |     1 |       |       ||     1
       Ring mail         |     6 |    49 |    20 ||    75
Dodge: Dodged            |    21 |    95 |    35 ||   151

Table legend: (Time is in decaauts)
 A = Elapsed time spent in this place.
 B = Non-inter-level travel time spent in this place.
 C = Inter-level travel time spent in this place.
 D = Time resting spent in this place.
 E = Time spent auto-exploring this place.
 F = Levels seen in this place.
 G = Mean time per level.
                   A        B        C        D        E       F      G
               +--------+--------+--------+--------+--------+-----+--------+
         Total |   4993 |   4906 |     87 |   1552 |   2642 |   6 |  832.2 |
       Dungeon |   4269 |   4182 |     87 |   1026 |   2537 |   5 |  853.8 |
         Sewer |    724 |    724 |      0 |    526 |    105 |   1 |  724.0 |
               +--------+--------+--------+--------+--------+-----+--------+

Top non-repeatable levels by time:
     D:4: 1231 daAuts
     D:2: 1226 daAuts
     D:1: 912 daAuts
     D:3: 859 daAuts
   Sewer: 724 daAuts
     D:5: 40 daAuts
